 Dungeon Crawl Stone Soup version 0.28-a0-906-g0406aca7d3 (webtiles) character file.

Game seed: 11509122512300866406

6498 Zdeegee the Covert (level 10, -2/49 HPs)
             Began as a Spriggan Brigand on Nov 22, 2021.
             Was an Initiate of Gozag.
             Killed from afar by a steam dragon (15 damage)
             ... with a ball of steam
             ... on level 9 of the Dungeon on Nov 24, 2021.
             The game lasted 00:35:38 (11370 turns).

Zdeegee the Covert (Spriggan Brigand)              Turns: 11370, Time: 00:35:38

Health: -2/49      AC:  5    Str:  7    XL:     10   Next: 68%
Magic:  11/11      EV: 25    Int: 14    God:    Gozag
Gold:   184        SH:  0    Dex: 25    Spells: 6/9 levels left

rFire   . . .      SeeInvis +   a - +2 rapier (drain)
rCold   . . .      Faith    .   (shield restricted)
rNeg    . . .      Spirit   .   R - +1 robe {Will+}
rPois   .          Reflect  .   (helmet restricted)
rElec   .          Harm     .   c - +0 cloak
rCorr   .          Rampage  .   (gloves unavailable)
Will    ++...                   (boots unavailable)
Stlth   ++........              O - amulet of regeneration
HPRegen 1.16/turn               n - +6 ring of dexterity
MPRegen 0.12/turn               h - ring of flight

@: confused, ambrosia-drunk, flying, very slightly contaminated, very quick
A: very small, no large weapons, unfitting armour, see invisible, speed 3,
shaggy fur 1, no potion heal 1, sturdy frame 1
a: Renounce Religion, Potion Petition, Call Merchant, Bribe Branch


You were on level 9 of the Dungeon.
You worshipped Gozag.
Gozag was aware of your devotion.
You visited 2 branches of the dungeon, and saw 11 of its levels.
You also visited: Sewer.

You collected 1058 gold pieces.
You spent 814 gold pieces at shops.
You paid 60 gold pieces to Gozag.

Inventory:

Hand Weapons
 a - a +2 rapier of draining (weapon)
 k - a +1 whip of freezing
 y - a +3 mace of freezing
 z - a +3 dagger
 B - a +2 dagger
Missiles
 d - 61 poisoned darts
 e - 14 curare-tipped darts (quivered)
 g - 83 sling bullets
 K - 3 throwing nets
Armour
 c - a +0 cloak (worn)
 P - a +1 buckler of reflection
 R - a +1 robe of willpower (worn)
Magical Staves
 i - a staff of fire
Jewellery
 b - an amulet of magic regeneration
 h - a ring of flight (right hand)
 n - a +6 ring of dexterity (left hand)
 D - a ring of ice
 O - an amulet of regeneration (around neck)
Wands
 o - a wand of flame (3)
 t - a wand of iceblast (1)
 G - a wand of polymorph (2)
Scrolls
 f - a scroll of teleportation
 j - a scroll of immolation {unknown}
 m - 2 scrolls of enchant weapon {unknown}
 s - 2 scrolls of amnesia
 u - a scroll of fog
 v - a scroll of blinking {unknown}
 w - a scroll of fear
 C - a scroll of enchant armour {unknown}
 L - a scroll of brand weapon
 M - a scroll of magic mapping {unknown}
 N - a scroll of noise {unknown}
Potions
 l - a potion of resistance {unknown}
 p - 3 potions of cancellation {unknown}
 q - 3 potions of mutation
 A - 2 potions of might {unknown}
 E - a potion of brilliance {unknown}
 F - 3 potions of attraction
 H - a potion of lignification {unknown}
 I - a potion of degeneration {unknown}
 J - a potion of haste {unknown}
 Q - a potion of magic {unknown}
 S - a potion of flight {unknown}


   Skills:
 + Level 3.3 Fighting
 * Level 9.9 Short Blades
 + Level 3.6 Throwing
 * Level 8.1 Dodging
 * Level 11.7 Stealth
 * Level 3.5 Shields
 * Level 6.3 Hexes
 * Level 7.1 Evocations


You had 6 spell levels left.
You knew the following spells:

 Your Spells              Type           Power      Damage    Failure   Level
a - Dazzling Flash        Conj/Hex       16%        N/A       24%         3

Your spell library contained the following spells:

 Spells                   Type           Power      Damage    Failure   Level
 Inner Flame              Hex/Fire       8%         N/A       24%         3
 Foxfire                  Conj/Fire      0%         2x1d4     28%         1
 Sublimation of Blood     Necr           0%         N/A       41%         2
 Wereblood                Tmut           0%         N/A       41%         2
 Conjure Flame            Conj/Fire      0%         6-21      65%         3
 Flame Wave               Conj/Fire      0%         3d3       96%         4
 Iskenderun's Mystic Bla  Conj/Tloc      0%         2d3       96%         4
 Starburst                Conj/Fire      0%         6d3       100%        6
 Summon Hydra             Summ           0%         N/A       100%        7


Dungeon Overview and Level Annotations

Branches:
Dungeon (10/15)            Temple (1/1) D:5           Sewer (visited)
   Lair: D:8-11         Orc: D:9-12

Altars:
Ashenzari
Dithmenos
Elyvilon
Gozag
Makhleb
Okawaru
Qazlal
Uskayaw
Vehumet
Zin

Shops:
D:2 *   D:6 *


Innate Abilities, Weirdness & Mutations

You are very small and have problems with some larger weapons.
You are too small for most types of armour.
You have supernaturally acute eyesight. (SInv)
You cover ground extremely quickly. (Speed+++)
You are covered in fur. (AC +1)
Potions are less effective at restoring your health.
Your movements are slightly less encumbered by armour. (ER -2)


Message History

You see here a curare-tipped dart.
Okay, then.
Your system partially rejects the healing.
You feel much better.
You feel sick. The steam dragon completely misses you.
The steam dragon barely misses you.
You barely miss the steam dragon. You hit the steam dragon.
You drain the steam dragon.
The steam dragon is lightly wounded.
You feel sick. The steam dragon bites you.
* * * LOW HITPOINT WARNING * * *
The steam dragon closely misses you.
You barely miss the steam dragon.
The steam dragon is lightly wounded.
You feel sick. The steam dragon breathes steam at you.
The ball of steam misses you.
You barely miss the steam dragon.
The steam dragon is lightly wounded.
You are engulfed in a cloud of scalding steam.
* * * LOW HITPOINT WARNING * * *
You feel sick.
You are no longer poisoned.
The steam dragon completely misses you. The steam dragon closely misses you.
Casting: Dazzling Flash (dangerous; 24% risk of failure)
Confirm with . or Enter, or press ? or * to list all spells.
Casting: Dazzling Flash (dangerous; 24% risk of failure)
Press: ? - help, Dir - look around, f - activate You miscast Dazzling Flash.
You are very lightly contaminated with residual magic.
Nothing appears to happen.
The steam dragon barely misses you. The steam dragon claws you.
* * * LOW HITPOINT WARNING * * *
You are confused.
Your system partially rejects the healing.
You feel invigorated.
The steam dragon completely misses you. x2
You bump into the rock wall.
The steam dragon breathes steam at you. The ball of steam hits you!
You die...
Your body crumbles into a pile of gold.

#######.# #...##.# #
........####_##..# #
........##.###...# #
........##..#....#
........##.......#
..).....##.......#
....$...$ยง.......#
.......(##.......#######
......D@##..............
........##.......#######
..(.....##.......#
..(.....###.###.##
........# #.# #.#
######### #.# #.# #..
..# ### ###


You could see a steam dragon (catching breath, drained).

Vanquished Creatures
  Harold (D:8)
  Pikel (D:7)
  3 centaur zombies
  Joseph (D:9)
  Psyche (D:10)
  An unseen horror (D:7)
  A troll (D:9)
  A hornet (D:9)
  Grinder (D:4)
  Grum (D:8)
  A steam dragon (D:8)
  An acid dragon (D:9)
  2 water moccasins
  Duvessa (D:6)
  4 orc warriors
  A black bear (D:6)
  3 sky beasts
  An ogre (D:6)
  2 wolves (D:8)
  3 centaurs
  2 lemures (D:7)
  2 kobold brigands
  A phantom (D:6)
  A bullfrog (Sewer)
  A wyvern zombie (D:8)
  A gnoll sergeant (D:7)
  Dowan (D:7)
  9 wights
  A bullfrog zombie (D:6)
  4 orc priests
  2 hounds
  2 jellies (D:6)
  4 iguanas
  2 orc wizards
  A killer bee zombie (D:6)
  7 gnolls
  16 adders
  A river rat (D:4)
  A shadow imp (D:6)
  2 adder skeletons
  4 worms
  2 dart slugs (D:2)
  24 orcs
  3 bats
  4 endoplasms
  7 giant cockroaches
  10 goblins
  3 hobgoblins
  4 jackals (D:5)
  13 kobolds
  4 quokkas
  8 ball pythons
  5 frilled lizards
  5 rats
188 creatures vanquished.

Notes
Turn   | Place    | Note
-------+----------+-------------------------------------------
     0 | D:1      | Zdeegee the Spriggan Brigand began the quest for the Orb.
     0 | D:1      | Reached XP level 1. HP: 10/10 MP: 2/2
    51 | D:1      | Reached skill level 6 in Stealth
   477 | D:1      | Reached XP level 2. HP: 14/14 MP: 3/3
  1048 | D:2      | Reached skill level 1 in Hexes
  1157 | D:2      | Reached XP level 3. HP: 18/18 MP: 4/4
  1157 | D:2      | Found Duafodd's Assorted Antiques.
  1281 | D:2      | Reached skill level 7 in Stealth
  1300 | D:2      | Found a faded altar of an unknown god.
  1635 | D:3      | Reached XP level 4. HP: 17/22 MP: 5/5
  2351 | D:4      | Reached skill level 1 in Evocations
  2740 | D:4      | Found a glowing drain.
  2746 | Sewer    | Entered a sewer
  2810 | Sewer    | Reached XP level 5. HP: 19/25 MP: 6/6
  3001 | Sewer    | HP: 1/25 [ball python (2)]
  3002 | Sewer    | Gained mutation: You are covered in fur. (AC +1) [potion of
                  | mutation]
  3002 | Sewer    | Gained mutation: Your movements are slightly less
                  | encumbered by armour. (ER -2) [potion of mutation]
  3002 | Sewer    | Gained mutation: Potions are less effective at restoring
                  | your health. [potion of mutation]
  3488 | D:4      | Noticed Grinder
  3711 | D:4      | Reached skill level 1 in Shields
  3711 | D:4      | Reached XP level 6. HP: 22/30 MP: 7/7
  3854 | D:4      | Killed Grinder
  3855 | D:4      | Reached skill level 8 in Stealth
  4035 | D:5      | Entered Level 5 of the Dungeon
  4091 | D:5      | Found a staircase to the Ecumenical Temple.
  4104 | Temple   | Entered the Ecumenical Temple
  4134 | Temple   | Became a worshipper of Gozag Ym Sagoz the Greedy
  4471 | D:5      | Reached XP level 7. HP: 33/34 MP: 8/8
  5026 | D:2      | Bought a glowing rapier for 175 gold pieces
  5343 | D:5      | Reached XP level 8. HP: 39/39 MP: 9/9
  5373 | D:5      | Found a stormy altar of Qazlal.
  5454 | D:5      | Reached skill level 9 in Stealth
  5738 | D:5      | Upgraded the game from 0.28-a0-883-gc8d7bad45d to
                  | 0.28-a0-906-g0406aca7d3
  5940 | D:6      | Learned a level 3 spell: Dazzling Flash
  6184 | D:6      | Reached skill level 5 in Short Blades
  6204 | D:6      | Reached skill level 5 in Evocations
  6285 | D:6      | Reached skill level 5 in Dodging
  6598 | D:6      | Found a radiant altar of Vehumet.
  6829 | D:6      | Found Iwaucor's Serpentskin Sales.
  6838 | D:6      | Reached XP level 9. HP: 38/42 MP: 10/10
  6894 | D:6      | Bought 5 curare-tipped darts for 45 gold pieces
  6894 | D:6      | Bought 5 curare-tipped darts for 45 gold pieces
  6894 | D:6      | Bought 2 curare-tipped darts for 18 gold pieces
  6894 | D:6      | Bought 4 curare-tipped darts for 36 gold pieces
  7131 | D:6      | Reached skill level 5 in Hexes
  7480 | D:7      | Noticed an unseen horror
  7511 | D:7      | Killed an unseen horror
  7515 | D:7      | Noticed Pikel
  8224 | D:7      | Reached skill level 10 in Stealth
  8487 | D:7      | Noticed Dowan
  8493 | D:7      | Noticed Duvessa
  8505 | D:7      | Killed Dowan
  8813 | D:6      | Killed Duvessa
  9313 | D:7      | Killed Pikel
  9557 | D:8      | Noticed Grum
  9761 | D:8      | Killed Grum
  9762 | D:8      | Reached XP level 10. HP: 41/46 MP: 11/11
 10084 | D:8      | Noticed Harold
 10091 | D:8      | Killed Harold
 10144 | D:8      | Reached skill level 11 in Stealth
 10776 | D:2      | Bought a square soapstone amulet for 125 gold pieces
 10781 | D:2      | Bought a glowing buckler for 187 gold pieces
 10781 | D:2      | Bought a yellow potion for 22 gold pieces
 10781 | D:2      | Bought a glowing robe for 92 gold pieces
 10781 | D:2      | Bought a grey potion for 22 gold pieces
 10781 | D:2      | Bought a sapphire potion for 22 gold pieces
 10781 | D:2      | Bought a scroll labelled MAISTR PIMOWK for 25 gold pieces
 10911 | D:9      | You are sucked into a shaft and drop 1 floor!
 10911 | D:10     | Entered Level 10 of the Dungeon
 10918 | D:10     | Noticed Psyche
 10928 | D:10     | Killed Psyche
 11012 | D:9      | Noticed Joseph
 11016 | D:9      | Killed Joseph
 11060 | D:9      | Found a white marble altar of Elyvilon.
 11064 | D:9      | Found a broken altar of Ashenzari.
 11068 | D:9      | Found a shadowy altar of Dithmenos.
 11352 | D:9      | Paralysed by a hornet for 1 turns
 11359 | D:9      | HP: 1/49 [steam dragon/ball of steam (15)]
 11370 | D:9      | Killed from afar by a steam dragon

Illustrated notes

Levels and vault maps discovered:
D:1:      dpeg_arrival_simpleton_c, layout_loops_corners
D:2:      layout_rooms, shapermc_ecumenical_altar_pompeii, serial_shops,
          nicolae_diamond_shop
D:3:      layout_rooms, kennysheep_generic_room_15
D:4:      layout_loops_cross, portal_sewer_entry_e, uniq_grinder
D:5:      layout_basic, grunt_qazlal_clouds, minmay_temple_entry_slanted
D:6:      layout_loops_corners, mainiacjoe_overflow_brackets,
          guppyfry_shop_venom
D:7:      layout_cave_pools, ebering_dispersal_statue_hall, grunt_ministairs_15,
          uniq_pikel, uniq_duvessa
D:8:      layout_rooms, uniq_grum, uniq_harold
D:9:      layout_basic, grunt_temple_overflow_diamond, uniq_joseph
D:10:     layout_basic, nzn_wu_jian_contemplation, dpeg_lair_monsters,
          kennysheep_orc_monster_closet_entryway, serial_shops,
          nicolae_lakefront_shop, uniq_psyche
Temple:   regret_index_temple_sphere_string

Skill      XL: |  1  2  3  4  5  6  7  8  9 10 |
---------------+-------------------------------+-----
Stealth        | 6 7 8 9 10 11 | 11.7
Hexes          | 1 2 3 4 5 6 |  6.3
Evocations     | 1 2 4 5 6 7 |  7.1
Dodging        | 2 3 4 5 7 8 |  8.1
Short Blades   | 3 4 6 8 9 |  9.9
Shields        | 1 2 3 |  3.5
Throwing       | 3 |  3.6
Fighting       | 2 3 |  3.3

Action                   |  1- 3 |  4- 6 |  7- 9 | 10-12 || total
-------------------------+-------+-------+-------+-------++-------
Melee: Dagger            |    84 |   200 |     4 |       ||   288
       Rapier            |       |       |   347 |   131 ||   478
Throw: Dart              |       |    49 |    14 |     3 ||    66
 Cast: Dazzling Flash    |       |       |       |     1 ||     1
Evoke: Wand              |       |    12 |    27 |       ||    39
  Use: Potion            |     2 |     3 |     2 |     3 ||    10
       Scroll            |     2 |     1 |       |     6 ||     9
 Stab: Sleeping          |    16 |    11 |    11 |     7 ||    45
       Distracted        |       |     1 |     3 |     1 ||     5
       Invisible         |       |       |       |     2 ||     2
Armor: Robe              |    13 |    22 |    47 |    10 ||    92
Dodge: Dodged            |    42 |   157 |   351 |   135 ||   685

Table legend: (Time is in decaauts)
 A = Elapsed time spent in this place.
 B = Non-inter-level travel time spent in this place.
 C = Inter-level travel time spent in this place.
 D = Time resting spent in this place.
 E = Time spent auto-exploring this place.
 F = Levels seen in this place.
 G = Mean time per level.
                   A        B        C        D        E       F      G
               +--------+--------+--------+--------+--------+-----+--------+
         Total |   8773 |   8239 |    534 |   1122 |   5386 |  12 |  731.1 |
       Dungeon |   8235 |   7711 |    524 |   1057 |   5100 |  10 |  823.5 |
        Temple |     29 |     19 |     10 |      0 |     14 |   1 |   29.0 |
         Sewer |    508 |    508 |      0 |     65 |    271 |   1 |  508.0 |
               +--------+--------+--------+--------+--------+-----+--------+

Top non-repeatable levels by time:
     D:6: 2006 daAuts
     D:7: 1277 daAuts
     D:5: 1225 daAuts
     D:4: 1107 daAuts
     D:1: 718 daAuts
     D:8: 680 daAuts
   Sewer: 508 daAuts
     D:3: 484 daAuts
     D:2: 402 daAuts
     D:9: 314 daAuts
  Temple: 29 daAuts
    D:10: 17 daAuts
